 Dungeon Crawl Stone Soup version 0.27.1-34-g3ba077fa99 (webtiles) character file.

Game seed: 6722390880814541444

93 Karpo the Sneak (level 4, 0/21 HPs)
             Began as a Spriggan Enchanter on Jan 26, 2022.
             Slain by an orc (8 damage)
             ... on level 3 of the Dungeon.
             The game lasted 00:06:35 (3008 turns).

Karpo the Sneak (Spriggan Enchanter)                Turns: 3008, Time: 00:06:36

Health: 0/21       AC:  2    Str:  4    XL:     4   Next: 37%
Magic:  18/18      EV: 17    Int: 16    God:
Gold:   84         SH:  0    Dex: 16    Spells: 2/8 levels left

rFire    . . .     SeeInvis +   a - +1 dagger
rCold    . . .     Faith    .   (shield restricted)
rNeg     . . .     Spirit   .   b - +0 robe
rPois    .         Reflect  .   (helmet restricted)
rElec    .         Harm     .   (no cloak)
rCorr    .         Rampage  .   (gloves unavailable)
Will     .....                  (boots unavailable)
Stlth    +++.......             m - amulet of magic regeneration
HPRegen  0.07/turn              f - ring of magical power
MPRegen  0.41/turn              (no ring)

@: very quick
A: very small, no large weapons, unfitting armour, see invisible, speed 3
a: no special abilities


You were on level 3 of the Dungeon.
You visited 1 branch of the dungeon, and saw 4 of its levels.

You collected 84 gold pieces.

Inventory:

Hand Weapons
 a - a +1 dagger (weapon)
 h - a +1 short sword of electrocution
Armour
 b - a +0 robe (worn)
Jewellery
 f - a ring of magical power (left hand)
 g - a ring of ice
 m - an amulet of magic regeneration (around neck)
Wands
 i - a wand of paralysis (10)
Scrolls
 c - a scroll of teleportation {unknown}
 k - a scroll of identify {unknown}
 l - a scroll of fear {unknown}
Potions
 d - a potion of curing {unknown}
 e - a potion of degeneration {unknown}
 j - 2 potions of experience {unknown}


   Skills:
 + Level 3.3 Short Blades
 - Level 2.6 Dodging
 + Level 6.5 Stealth
 - Level 2.6 Spellcasting
 - Level 3.6 Hexes


You had 2 spell levels left.
You knew the following spells:

 Your Spells              Type           Power      Damage    Failure   Level
a - Corona                Hex            14%        N/A       4%          1
b - Ensorcelled Hibernat  Hex/Ice        14%        N/A       14%         2
c - Confusing Touch       Hex            13%        N/A       13%         3

Your spell library contained the following spells:

 Spells                   Type           Power      Damage    Failure   Level
 Magic Dart               Conj           8%         1d3       19%         1
 Call Imp                 Summ           2%         N/A       28%         2
 Tukima's Dance           Hex            13%        N/A       13%         3
 Dazzling Flash           Conj/Hex       14%        N/A       28%         3
 Mephitic Cloud           Conj/Pois/Air  2%         N/A       50%         3
 Ozocubu's Armour         Ice            2%         N/A       50%         3
 Ozocubu's Refrigeration  Ice            1%         4d5       100%        7


Dungeon Overview and Level Annotations

Branches:
Dungeon (4/15)
 Temple: D:4-7

Altars:
The Shining One

Shops:
D:1 [

Annotations:
D:4 3 runed translucent doors, Robin


Innate Abilities, Weirdness & Mutations

You are very small and have problems with some larger weapons.
You are too small for most types of armour.
You have supernaturally acute eyesight. (SInv)
You cover ground extremely quickly. (Speed+++)


Message History

The orc shouts!
You hear a shout! x2
The helpless orc wizard fails to defend itself.
You impale the orc wizard!!
You kill the orc wizard!
You have reached level 4!
Things that are here:
a +0 dagger; a +0 robe; an orc corpse An orc comes into view.
It is wielding a +0 flail.
The orc hits you with a +0 short sword.
You hit the orc but do no damage. You hit the orc but do no damage.
The orc hits you with a +0 short sword.
You closely miss the orc. The orc misses you.
You hit the orc.
The orc is lightly wounded.
The orc barely misses you.
You barely miss the orc.
The orc is lightly wounded.
The orc hits you with a +0 short sword.
You barely miss the orc.
The orc is lightly wounded.
The orc completely misses you.
Casting: Ensorcelled Hibernation (safe; 14% risk of failure)
Confirm with . or Enter, or press ? or * to list all spells.
Aiming: Ensorcelled Hibernation (safe; 14% risk of failure)
Press: ? - help, Shift-Dir - straight line, f - orc
Aim: an orc, wielding a +0 short sword and wearing a +0 scale mail (lightly wounded, chance to affect: 56%)
The orc looks drowsy...
The helpless orc fails to defend itself.
You impale the orc!!
You kill the orc!
The quokka barely misses you.
You hit the quokka.
The quokka is severely wounded.
You closely miss the quokka.
The quokka is severely wounded.
The quokka bites you.
You hit the quokka.
You kill the quokka!
You hit the orc but do no damage. The orc hits you with a +0 flail!
You die...

#...........
#..#.####.#.
#.........
#....#####
#......>.
#..#.####
#..#>#####
#.)#......
#.@..##
##o#.# #.#.#
#.# # #..
#.. ##. #.


You could see an orc.

Vanquished Creatures
  An orc wizard (D:3)
  An adder (D:2)
  4 dart slugs
  An orc (D:3)
  9 bats
  4 endoplasms
  A giant cockroach (D:1)
  6 hobgoblins
  2 kobolds
  3 quokkas
  6 ball pythons
  3 frilled lizards
  4 goblins (D:1)
  3 rats
48 creatures vanquished.

Notes
Turn   | Place    | Note
-------+----------+-------------------------------------------
     0 | D:1      | Karpo the Spriggan Enchanter began the quest for the Orb.
     0 | D:1      | Reached XP level 1. HP: 9/9 MP: 5/5
   320 | D:1      | Reached XP level 2. HP: 13/13 MP: 6/6
   359 | D:1      | Reached skill level 5 in Stealth
   544 | D:2      | Learned a level 2 spell: Ensorcelled Hibernation
  1597 | D:1      | Reached XP level 3. HP: 16/16 MP: 8/8
  1607 | D:1      | Learned a level 3 spell: Confusing Touch
  1676 | D:1      | Found Temanauha's Antique Armour Shoppe.
  1978 | D:2      | Found a faded altar of an unknown god.
  2277 | D:2      | You fall into a shaft and drop 2 floors!
  2342 | D:4      | Noticed Robin
  2354 | D:4      | Found a runed translucent gate.
  2354 | D:4      | Found a runed translucent gate.
  2355 | D:4      | Found a runed translucent gate.
  2702 | D:2      | Reached skill level 6 in Stealth
  2723 | D:2      | Found a glowing golden altar of the Shining One.
  2995 | D:3      | Reached XP level 4. HP: 21/21 MP: 9/9
  3008 | D:3      | Slain by an orc

Illustrated notes

Levels and vault maps discovered:
D:1:      ebering_trefoil_3fold, layout_basic, serial_shops,
          nicolae_shop_temple_entry_statues_fountains
D:2:      layout_rooms, basic_altar, shapermc_ecumenical_altar_mp_highgroup,
          kennysheep_generic_room_16
D:3:      layout_loops_ring, nrook_mini_backslash, uniq_ijyb
D:4:      layout_gridville, gammafunk_ghost_necromancy, roderic_batcave,
          minmay_distorted, uniq_robin, uniq_duvessa

Skill      XL: |  1  2  3 |
---------------+----------+-----
Stealth        | 5 6 |  6.5
Short Blades   | 2 3 |  3.3
Dodging        | |  2.6
Spellcasting   | |  2.6
Hexes          | |  3.6

Action                   |  1- 3 |  4- 6 || total
-------------------------+-------+-------++-------
Melee: Dagger            |   165 |    11 ||   176
 Cast: Ensorcelled Hiber |    10 |     1 ||    11
 Stab: Sleeping          |    20 |     1 ||    21
Armor: Robe              |    17 |       ||    17
Dodge: Dodged            |   144 |     4 ||   148
